 Dungeon Crawl Stone Soup version 0.19.1 (webtiles) character file.

128 Netopejr the Shield-Bearer (level 4, -3/42 HPs)
             Began as a Deep Dwarf Fighter on Nov 20, 2016.
             Was an Initiate of Okawaru.
             Slain by an ice beast (12 damage)
             ... on level 3 of the Dungeon on Nov 23, 2016.
             The game lasted 00:30:29 (3477 turns).

Netopejr the Shield-Bearer (Deep Dwarf Fighter)     Turns: 3477, Time: 00:30:30

Health: -3/42      AC:  8    Str: 25    XL:     4   Next: 87%
Magic:  4/4        EV:  8    Int:  9    God:    Okawaru [......]
Gold:   140        SH: 10    Dex: 12    Spells: 0 memorised, 3 levels left

rFire  . . .     SeeInvis .     a - +0 war axe
rCold  . . .     Gourm    .     b - +0 scale mail
rNeg   . . .     Faith    .     c - +0 shield
rPois  .         Spirit   .     C - +0 helmet
rElec  .         Reflect  .     (no cloak)
rCorr  .         Harm     .     (no gloves)
MR     .....                    (no boots)
Stlth  ..........               (no amulet)
                                (no ring)
                                (no ring)

@: mighty, non-regenerating
A: damage resistance, recharge devices, sense surroundings 1, slow regeneration
3
a: Device Recharging, Renounce Religion


You were on level 3 of the Dungeon.
You worshipped Okawaru.
Okawaru was noncommittal.
You were full.

You visited 1 branch of the dungeon, and saw 3 of its levels.

You collected 140 gold pieces.

Inventory:

Hand Weapons
 a - a +0 war axe (weapon)
 j - a +0 whip
 k - a +0 club
 n - a +0 spear
 o - a +0 dagger of venom
 p - a +0 club
 r - a +0 dagger of venom
 w - a +0 hand axe
 z - a +0 scythe
 A - a +0 shortbow
Missiles
 F - 34 poisoned needles
Armour
 b - a +0 scale mail (worn)
 c - a +0 shield (worn)
 i - a +0 ring mail
 s - a +0 scale mail
 u - a +0 leather armour
 C - a +0 helmet (worn)
 E - a +0 robe
Jewellery
 m - a +5 ring of dexterity {unknown}
Wands
 e - a wand of heal wounds (5/9)
Scrolls
 l - 2 scrolls of enchant armour {unknown}
 q - 2 scrolls of remove curse {unknown}
 t - a scroll of enchant weapon {unknown}
 v - 2 scrolls of recharging {unknown}
 x - a scroll of fog {unknown}
 y - a scroll of immolation {unknown}
 B - 3 scrolls of identify {unknown}
 G - a scroll of magic mapping {unknown}
 H - a scroll of blinking {unknown}
Potions
 g - 3 potions of haste {unknown}
 h - a potion of heal wounds {unknown}
 I - a potion of cancellation {unknown}
Comestibles
 f - a bread ration
 D - a royal jelly


   Skills:
 + Level 3.3 Fighting
 + Level 3.4 Axes
 + Level 4.1 Armour
 + Level 0.4 Dodging
 + Level 4.2 Shields


You had 3 spell levels left.
You didn't know any spells.

Dungeon Overview and Level Annotations

Branches:
Dungeon (3/15)

Altars:
Okawaru


Innate Abilities, Weirdness & Mutations

You are resistant to damage.
You can recharge devices by infusing magical energy.
You passively map a small area around you.
You do not regenerate.


Message History

An ice beast comes into view.
Found a bread ration.
You block the ice beast's attack.
You slash the ice beast!
The ice beast is moderately wounded.
The ice beast hits you. The ice beast freezes you!
* * * LOW HITPOINT WARNING * * *
You block the ice beast's attack.
You feel very mighty all of a sudden. The ice beast closely misses you.
You block the ice beast's attack. You block the ice beast's attack.
The ice beast hits you but does no damage.
The ice beast barely misses you. You block the ice beast's attack.
Things that are here:
a whip; an orc corpse You see here 21 stones.
The ice beast hits you. The ice beast freezes you!
You die...

########.# #.# #.# #.....#
########.###.# #.# ####.##
.............# #.# #.####
########.##### #.# #....# #.#
#####.##### ####.# ### #.#
#.........# #.# ..# ####.#
#.###.###.# #†# #.#
#....####.###Y# #.# #.# #.#
#(#####.>...@.# #.# #.# #.#
#.# #.#.##### #.# #.# ..# #.#
#.#.# #.######.# ### #.# #.#.#
#........#
#####.#####.#.#######.########
............).........#
#####.####......#######
............###.#
####.######.# #.#


You could see an ice beast.

Vanquished Creatures
  4 adders (D:3)
  2 oozes
  2 leopard geckos
  6 orcs (D:3)
  7 bats
  4 giant cockroaches
  6 goblins
  11 hobgoblins
  4 jackals (D:3)
  9 kobolds
  A quokka (D:2)
  7 frilled lizards
  9 rats
  A plant (D:1)
73 creatures vanquished.

Notes
Turn   | Place    | Note
-------+----------+-------------------------------------------
     0 | D:1      | Netopejr the Deep Dwarf Fighter began the quest for the Orb.
     0 | D:1      | Reached XP level 1. HP: 20/20 MP: 1/1
    84 | D:1      | Upgraded the game from 0.19.0-24-gb05acd6 to 0.19.1
   381 | D:1      | Reached XP level 2. HP: 27/27 MP: 2/2
  1704 | D:2      | Reached XP level 3. HP: 34/34 MP: 3/3
  1786 | D:2      | Found an iron altar of Okawaru.
  1818 | D:2      | Became a worshipper of Warmaster Okawaru
  2789 | D:3      | Reached XP level 4. HP: 37/42 MP: 4/4
  3419 | D:3      | Noticed an ice beast
  3477 | D:3      | Slain by an ice beast

Skill      XL: |  1  2  3  4 |
---------------+-------------+-----
Fighting       | 3 |  3.3
Shields        | 4 |  4.2
Axes           | 3 |  3.4
Armour         | 4 |  4.1
Dodging        | |  0.4

Action                   |  1- 3 |  4- 6 || total
-------------------------+-------+-------++-------
Melee: War axe           |   165 |    70 ||   235
  Use: Potion            |       |     1 ||     1
  Eat: Chunk             |     4 |       ||     4
       Bread ration      |     1 |     1 ||     2
Armor: Scale mail        |    95 |    45 ||   140
Dodge: Dodged            |    51 |    25 ||    76
Block: Shield            |   115 |    44 ||   159
